 Dungeon Crawl Stone Soup version 0.30-a0-860-g512cf1e979 (webtiles) character file.

Game seed: 7382203757313637802

7 Demosthentine the Ducker (level 1, -2/16 HPs)
             Began as a Demonspawn Gladiator on Mar 7, 2023.
             Slain by a quokka (3 damage)
             ... on level 1 of the Dungeon.
             The game lasted 00:00:12 (216 turns).

Demosthentine the Ducker (Demonspawn Gladiator)      Turns: 216, Time: 00:00:12

Health: -2/16      AC:  4    Str: 14    XL:     1   Next: 91%
Magic:  1/1        EV: 12    Int:  9    God:
Gold:   40         SH:  0    Dex: 14    Spells: 0/0 levels left

rFire   . . .      SeeInvis .    a - +0 trident
rCold   . . .      Faith    .    (no shield)
rNeg    . . .      Spirit   .    b - +0 leather armour
rPois   .          Reflect  .    c - +0 helmet
rElec   .          Rampage  .    (no cloak)
rCorr   .                        (no gloves)
Will    .....                    (no boots)
Stlth   +                        (no amulet)
HPRegen 0.22/turn                (no ring)
MPRegen 0.07/turn                (no ring)

@: no status effects
A: no striking features
a: no special abilities


You were on level 1 of the Dungeon.
You visited 1 branch of the dungeon, and saw 1 of its levels.

You collected 40 gold pieces.

Inventory:

Hand Weapons
 a - a +0 trident (weapon)
Missiles
 d - 3 throwing nets (quivered)
 e - a javelin
Armour
 b - a +0 leather armour (worn)
 c - a +0 helmet (worn)
Scrolls
 f - 2 scrolls of teleportation {unknown}
 g - a scroll of identify {unknown}


   Skills:
 + Level 2.2 Fighting
 + Level 2.8 Polearms
 - Level 1.7 Throwing
 + Level 0.4 Armour
 + Level 2.8 Dodging


You couldn't memorise any spells.
You didn't know any spells.
Your spell library was empty.

Dungeon Overview and Level Annotations

Branches:
Dungeon (1/15)

Altars:


Message History

A frilled lizard comes into view.
The frilled lizard hisses angrily.
There is an open door here.
A frilled lizard is nearby!
You barely miss the frilled lizard.
The frilled lizard unfolds its giant frill.
The frilled lizard bites you but does no damage.
The frilled lizard closely misses you.
A frilled lizard is nearby!
You hit the frilled lizard.
You kill the frilled lizard!
A quokka comes into view.
You see here a frilled lizard corpse.
A quokka is nearby!
A quokka is nearby!
You barely miss the quokka. The quokka closely misses you.
A quokka is nearby!
You barely miss the quokka. The quokka bites you.
A quokka is nearby!
You barely miss the quokka. The quokka closely misses you.
The quokka bites you.
A quokka is nearby!
You miss the quokka. The quokka barely misses you.
A quokka is nearby!
You barely miss the quokka. The quokka closely misses you.
You miss the quokka. The quokka bites you.
The quokka bites you but does no damage.
A quokka is nearby!
You closely miss the quokka. The quokka bites you.
A quokka is nearby!
You are too injured to fight recklessly!
You barely miss the quokka. The quokka bites you. x2
* * * LOW HITPOINT WARNING * * *
You barely miss the quokka. The quokka closely misses you.
You closely miss the quokka. The quokka misses you.
You closely miss the quokka. The quokka bites you.
* * * LOW HITPOINT WARNING * * *
The quokka bites you but does no damage.
You barely miss the quokka. The quokka bites you.
You die...

..............##.#
............####.#
#.........### #.#
###.....### #.#
#.........### ##.#####
............###......#
....~~~.......#.†###.#
..~~≈≈≈~~.....'..#
.~≈≈≈≈≈≈≈~....##@#
################r# ...
#.### .. #.# .. .##


You could see a quokka.

Vanquished Creatures
  A ball python (D:1)
  A goblin (D:1)
  A hobgoblin (D:1)
  A bat (D:1)
  3 frilled lizards (D:1)
  A rat (D:1)
8 creatures vanquished.

Notes
Turn   | Place    | Note
-------+----------+-------------------------------------------
     0 | D:1      | Demosthentine the Demonspawn Gladiator began the quest for
                  | the Orb.
     0 | D:1      | Reached XP level 1. HP: 16/16 MP: 1/1
   216 | D:1      | Slain by a quokka

Illustrated notes

Levels and vault maps discovered:
D:1:      nzn_arrival_depleted_hourglass, layout_loops_ring,
          dreamdust_ecumenical_altar_drowned_temple, minmay_domino_4

Action                     || total
---------------------------++-------
  Melee: Trident           ||    31
   Stab: Sleeping          ||     1
 Armour: Leather armour    ||     7
  Dodge: Dodged            ||     9

Table legend: (Time is in decaauts)
 A = Elapsed time spent in this place.
 B = Non-inter-level travel time spent in this place.
 C = Inter-level travel time spent in this place.
 D = Time resting spent in this place.
 E = Time spent auto-exploring this place.
 F = Levels seen in this place.
 G = Mean time per level.
                   A        B        C        D        E       F      G
               +--------+--------+--------+--------+--------+-----+--------+
         Total |    220 |    220 |      0 |      0 |    163 |   1 |  220.0 |
       Dungeon |    220 |    220 |      0 |      0 |    163 |   1 |  220.0 |
               +--------+--------+--------+--------+--------+-----+--------+

Top non-repeatable levels by time:
     D:1: 220 daAuts
